 Dungeon Crawl Stone Soup version 0.28-a0-691-gad6df49e81 (webtiles) character file.

Game seed: 9165753046606629411

6314 Dittersdorf the Protected (level 10, -5/68 HPs)
             Began as a Gargoyle Fighter on Oct 20, 2021.
             Was an Elder of Okawaru.
             Slain by Snorg (13 damage)
             ... on level 10 of the Dungeon.
             The game lasted 00:10:15 (10886 turns).

Dittersdorf the Protected (Gargoyle Fighter)       Turns: 10886, Time: 00:10:16

Health: -5/68      AC: 31    Str: 23    XL:     10   Next: 95%
Magic:  9/10       EV: 11    Int:  9    God:    Okawaru [****..]
Gold:   408        SH:  6    Dex: 15    Spells: 9/9 levels left

rFire   . . .      SeeInvis .   a - +0 flail
rCold   . . .      Faith    .   c - +0 buckler
rNeg    + . .      Spirit   .   t - +0 chain mail
rPois   ∞          Reflect  .   p - +1 helmet
rElec   +          Harm     .   (no cloak)
rCorr   .          Rampage  .   B - +0 pair of gloves
Will    .....                   k - +0 pair of boots
Stlth   ..........              (no amulet)
HPRegen 0.21/turn               F - +4 ring of protection
MPRegen 0.12/turn               D - +6 ring of dexterity

@: heroic
A: sickness immunity, AC +7, negative energy resistance 1, electricity
resistance, torment resistance 1, petrification resistance
a: Renounce Religion, Heroism, Finesse


You were on level 10 of the Dungeon.
You worshipped Okawaru.
Okawaru was greatly pleased with you.
You visited 2 branches of the dungeon, and saw 11 of its levels.

You collected 408 gold pieces.

Inventory:

Hand Weapons
 a - a +0 flail (weapon)
Missiles
 n - 19 poisoned darts (quivered)
Armour
 c - a +0 buckler (worn)
 k - a +0 pair of boots (worn)
 p - a +1 helmet (worn)
 t - a +0 chain mail (worn)
 u - a +0 plate armour
 B - a +0 pair of gloves (worn)
Jewellery
 D - a +6 ring of dexterity (right hand)
 F - a +4 ring of protection (left hand)
Wands
 y - a wand of iceblast (7)
Scrolls
 b - a scroll of fear {unknown}
 f - 4 scrolls of enchant weapon
 g - a scroll of blinking {unknown}
 h - 4 scrolls of enchant armour
 l - 2 scrolls of fog {unknown}
 m - 4 scrolls of teleportation
 o - 2 scrolls of holy word
 q - a scroll of vulnerability {unknown}
 w - a scroll of immolation {unknown}
 x - a scroll of magic mapping {unknown}
 E - a scroll of noise {unknown}
Potions
 d - 2 potions of might
 e - 3 potions of magic
 i - 2 potions of flight
 j - 2 potions of curing
 r - 3 potions of ambrosia
 s - a potion of resistance
 v - 2 potions of brilliance
 z - a potion of heal wounds
 C - a potion of attraction {unknown}
 G - a potion of invisibility {unknown}


   Skills:
 + Level 10.7(15.7) Fighting
 + Level 9.6(14.6) Maces & Flails
 + Level 10.8(15.8) Armour
 - Level 4.0(9.0) Shields


You had 9 spell levels left.
You didn't know any spells.
Your spell library contained the following spells:

 Spells                   Type           Power      Damage    Failure   Level
 Foxfire                  Conj/Fire      0%         2x1d4     86%         1
 Scorch                   Fire           0%         2d5       95%         2
 Slow                     Hex            0%         N/A       95%         2
 Static Discharge         Conj/Air       0%         N/A       95%         2
 Confusing Touch          Hex            0%         N/A       99%         3
 Conjure Flame            Conj/Fire      0%         6-21      99%         3
 Inner Flame              Hex/Fire       0%         N/A       99%         3
 Ozocubu's Armour         Ice            0%         N/A       99%         3
 Vampiric Draining        Necr           0%         2d6       99%         3
 Flame Wave               Conj/Fire      0%         3d3       100%        4
 Lightning Bolt           Conj/Air       0%         1d11      100%        5
 Metabolic Englaciation   Hex/Ice        0%         N/A       100%        5
 Maxwell's Capacitive Co  Air            0%         ∞         100%        8
 Summon Small Mammal      Summ           Unusable   N/A       N/A         1
 Call Canine Familiar     Summ           Unusable   N/A       N/A         3
 Summon Guardian Golem    Hex/Summ       Unusable   N/A       N/A         3
 Simulacrum               Ice/Necr       Unusable   N/A       N/A         6
 Summon Cactus Giant      Summ           Unusable   N/A       N/A         6

Dungeon Overview and Level Annotations

Branches:
Dungeon (10/15)            Temple (1/1) D:7            Lair (0/6) D:8
    Orc: D:9-12

Altars:
Cheibriados
Dithmenos
Elyvilon
Gozag
Hepliaklqana
Okawaru
Qazlal
Sif Muna
Uskayaw
Yredelemnul
Zin
The Shining One

Shops:
D:4 [   D:7 [   D:9 ?   D:10 [[

Annotations:
D:10 Snorg


Innate Abilities, Weirdness & Mutations

You are immune to sickness and miasma.
Your stone body is resilient. (AC +7)
You are immune to poison.
You resist negative energy. (rN+)
You are resistant to electric shocks. (rElec)
You are resistant to unholy torment.
You are immune to petrification.


Message History

You throw a poisoned dart. The poisoned dart hits Snorg!
Snorg looks even sicker.
You block Snorg's attack. Snorg claws you but does no damage.
You block Snorg's attack.
You sock Snorg!
Snorg is lightly wounded.
You block Snorg's attack. x2; Snorg claws you but does no damage.
You thump Snorg!
Snorg is lightly wounded.
Snorg bites you! Snorg barely misses you. Snorg closely misses you.
You sock Snorg!
Snorg is moderately wounded.
Snorg closely misses you. Snorg completely misses you.
Snorg claws you but does no damage.
You hit Snorg but do no damage.
Snorg is moderately wounded.
Snorg bites you but does no damage. You block Snorg's attack.
Snorg claws you but does no damage.
You hit Snorg.
Snorg is moderately wounded.
Snorg bites you! Snorg misses you. You block Snorg's attack.
You thump Snorg!
Snorg is moderately wounded.
Snorg bites you! You block Snorg's attack. x2
You completely miss Snorg.
Snorg is moderately wounded.
You block Snorg's attack. x4; Snorg claws you but does no damage. x2
You thump Snorg!
Snorg is heavily wounded.
Snorg closely misses you. Snorg misses you. You block Snorg's attack.
You bludgeon Snorg!!
Snorg is heavily wounded.
Snorg bites you but does no damage. Snorg claws you!
* * * LOW HITPOINT WARNING * * *
Snorg claws you!
* * * LOW HITPOINT WARNING * * *
You bludgeon Snorg!!
Snorg is severely wounded.
Snorg closely misses you. Snorg claws you but does no damage. Snorg claws you!
You die...

............##.#
............# ..
.......$....###.#
⌠......[.....# .#
.............# ..
⌠............#
.............#
.............#
........@T...#
..........(..#
......(.∩....#
############.#
... ###


You could see Snorg (berserk, very poisoned).

Vanquished Creatures
  A centaur warrior (D:8)
  Erica (D:9)
  Pikel (D:8)
  2 trolls
  A wyvern (D:9)
  A steam dragon (D:8)
  Edmund (D:6)
  A water moccasin (D:7)
  Duvessa (D:5)
  A sky beast (D:8)
  2 ice beasts (D:8)
  A black bear (D:7)
  A necrophage (D:5)
  2 orc warriors
  An ogre (D:7)
  4 centaurs
  A lemure (D:8)
  A kobold brigand (D:8)
  Blork the orc (D:5)
  2 bullfrogs (D:7)
  A gnoll sergeant (D:9)
  2 wyvern zombies (D:7)
  2 scorpions
  Dowan (D:5)
  A water moccasin skeleton (D:5)
  7 killer bees (D:9)
  2 bullfrog zombies
  5 centaur zombies
  4 hounds
  3 orc priests
  A bullfrog skeleton (D:4)
  3 iguanas
  3 orc wizards
  3 scorpion zombies (D:5)
  A hound zombie (D:3)
  3 howler monkey zombies
  11 gnolls
  5 adders
  A shadow imp (D:8)
  2 white imps (D:7)
  An ufetubus (D:6)
  2 adder skeletons (D:4)
  3 dart slugs
  A worm (D:5)
  19 orcs
  6 bats
  11 endoplasms
  A giant cockroach (D:1)
  3 goblins
  8 hobgoblins
  15 kobolds
  2 quokkas
  11 ball pythons
  3 frilled lizards
  8 rats
182 creatures vanquished.

Vanquished Creatures (others)
  A plant (D:2)
1 creature vanquished.

Grand Total: 183 creatures vanquished

Notes
Turn   | Place    | Note
-------+----------+-------------------------------------------
     0 | D:1      | Dittersdorf the Gargoyle Fighter began the quest for the
                  | Orb.
     0 | D:1      | Reached XP level 1. HP: 14/14 MP: 1/1
   474 | D:1      | Reached XP level 2. HP: 19/19 MP: 2/2
   610 | D:1      | Found a faded altar of an unknown god.
   712 | D:1      | Reached XP level 3. HP: 16/23 MP: 3/3
  1533 | D:2      | Reached XP level 4. HP: 25/29 MP: 4/4
  1579 | D:2      | Found a snail-covered altar of Cheibriados.
  2805 | D:4      | Reached XP level 5. HP: 28/33 MP: 5/5
  3248 | D:4      | Reached XP level 6. HP: 39/40 MP: 6/6
  3280 | D:4      | Reached skill level 5 in Armour
  3847 | D:4      | Found Tetocwyh's Armour Shoppe.
  3946 | D:4      | Reached skill level 5 in Fighting
  4259 | D:5      | Entered Level 5 of the Dungeon
  4259 | D:5      | Noticed a necrophage
  4279 | D:5      | Killed a necrophage
  4449 | D:5      | Reached XP level 7. HP: 39/44 MP: 7/7
  4874 | D:5      | Noticed Blork the orc
  4893 | D:5      | Killed Blork the orc
  4910 | D:5      | Reached skill level 5 in Maces & Flails
  5206 | D:5      | Found an opulent altar of Gozag.
  5207 | D:5      | Found an opulent altar of Gozag.
  5222 | D:5      | Found an opulent altar of Gozag.
  5257 | D:5      | Found an opulent altar of Gozag.
  5271 | D:5      | Found an iron altar of Okawaru.
  5279 | D:5      | Became a worshipper of Warmaster Okawaru
  5354 | D:5      | Reached XP level 8. HP: 50/51 MP: 8/8
  5553 | D:5      | Found a basalt altar of Yredelemnul.
  5586 | D:5      | Found a glowing golden altar of the Shining One.
  5589 | D:5      | Noticed an angel
  5658 | D:5      | Noticed Dowan
  5658 | D:5      | Noticed Duvessa
  5679 | D:5      | Killed Duvessa
  5692 | D:5      | Killed Dowan
  5987 | D:6      | Reached * piety under Okawaru
  6441 | D:6      | Reached XP level 9. HP: 57/57 MP: 9/9
  6540 | D:6      | Noticed Edmund
  6571 | D:6      | Killed Edmund
  6863 | D:7      | Found Wianwodd's Antique Armour Shoppe.
  6975 | D:7      | Found a staircase to the Ecumenical Temple.
  7011 | D:7      | Reached ** piety under Okawaru
  7022 | Temple   | Entered the Ecumenical Temple
  7857 | D:8      | Noticed Pikel
  7871 | D:8      | Killed Pikel
  7871 | D:8      | Reached *** piety under Okawaru
  8026 | D:8      | Noticed a centaur warrior
  8041 | D:8      | Killed a centaur warrior
  8042 | D:8      | Reached XP level 10. HP: 6/66 MP: 10/10
  8381 | D:8      | Found a hide-covered altar of Uskayaw.
  8457 | D:8      | Found a stormy altar of Qazlal.
  8614 | D:8      | Reached **** piety under Okawaru
  8752 | D:8      | Found a staircase to the Lair.
  8762 | D:8      | Reached skill level 10 in Armour
  9271 | D:9      | Reached skill level 10 in Fighting
  9351 | D:9      | Noticed Erica
  9390 | D:9      | Killed Erica
  9777 | D:9      | Found Giydghieh's Magic Scroll Shop.
 10754 | D:9      | Found a hazy altar of Hepliaklqana.
 10803 | D:10     | Entered Level 10 of the Dungeon
 10810 | D:10     | Found Nuamapp's Armour Shop.
 10865 | D:10     | Reached ***** piety under Okawaru
 10866 | D:10     | Found Vuemiame's Antique Armour Shop.
 10869 | D:10     | Noticed Snorg
 10886 | D:10     | Slain by Snorg

Illustrated notes

Levels and vault maps discovered:
D:1:      dpeg_arrival_tiny_d, layout_rooms,
          hellmonk_ecumenical_altar_crossroads
D:2:      layout_loops_ring, serial_forest, infiniplex_forest_lined_4_way,
          infiniplex_forest_join, infiniplex_forest_clump_double,
          infiniplex_forest_straight_3, infiniplex_forest_lined_2,
          infiniplex_forest_lined_room_2, basic_altar, item_on_display_a
D:3:      layout_loops_ring
D:4:      wad_pebble_path, layout_loops_cross, serial_shops, nicolae_shop_trees,
          kennysheep_big_empty_room, solitary_fountain
D:5:      layout_loops_cross, nicolae_gozag_conspicuous_consumption,
          kennysheep_okawaru_gauntlet, grunt_temple_overflow_holy_war,
          uniq_duvessa, uniq_blork_the_orc
D:6:      layout_cave_pools, uniq_edmund
D:7:      layout_cave_pools, minmay_temple_entry_stoned_glass, serial_shops,
          nicolae_stop_n_shop_2, serial_park_tiny_pond, kennysheep_small_square
D:8:      layout_loops_ring, nicolae_uskayaw_dance_studio, grunt_qazlal_clouds,
          lair_entry_dummy, uniq_pikel
D:9:      layout_basic, nzn_hepliaklqana_mist_gate, serial_shops, shop,
          uniq_erica
D:10:     layout_basic, makhleb_altar_promises_db, serial_shops,
          kennysheep_mini, nicolae_square_shop, shop_fountains,
          nicolae_stop_n_shop_2, shop, enter_bailey_8, moated_statue,
          uniq_snorg, uniq_nergalle
Temple:   nicolae_temple_great_sept

Skill      XL: |  1  2  3  4  5  6  7  8  9 10 |
---------------+-------------------------------+-----
Armour         | 4 5 6 7 9 10 | 10.8
Shields        | 4 |  4.0
Fighting       | 4 5 6 7 9 10 | 10.7
Maces & Flails | 3 4 5 6 8 9 |  9.6

Action                   |  1- 3 |  4- 6 |  7- 9 | 10-12 || total
-------------------------+-------+-------+-------+-------++-------
Melee: Flail             |   103 |   211 |   365 |   245 ||   924
Throw: Dart              |       |       |       |     3 ||     3
Invok: Heroism           |       |       |       |     5 ||     5
  Use: Scroll            |       |     4 |     7 |     1 ||    12
Armor: Scale mail        |    54 |    96 |       |       ||   150
       Chain mail        |       |    27 |   328 |   187 ||   542
Dodge: Dodged            |    49 |   104 |   161 |    88 ||   402
Block: Buckler           |    20 |    47 |    83 |    67 ||   217

Table legend: (Time is in decaauts)
 A = Elapsed time spent in this place.
 B = Non-inter-level travel time spent in this place.
 C = Inter-level travel time spent in this place.
 D = Time resting spent in this place.
 E = Time spent auto-exploring this place.
 F = Levels seen in this place.
 G = Mean time per level.
                   A        B        C        D        E       F      G
               +--------+--------+--------+--------+--------+-----+--------+
         Total |  10997 |  10670 |    327 |   3074 |   5778 |  11 |  999.7 |
       Dungeon |  10858 |  10531 |    327 |   2941 |   5778 |  10 | 1085.8 |
        Temple |    138 |    138 |      0 |    133 |      0 |   1 |  138.0 |
               +--------+--------+--------+--------+--------+-----+--------+

Top non-repeatable levels by time:
     D:9: 1633 daAuts
     D:5: 1585 daAuts
     D:3: 1381 daAuts
     D:1: 1358 daAuts
     D:7: 1094 daAuts
     D:4: 1093 daAuts
     D:8: 1036 daAuts
     D:6: 883 daAuts
     D:2: 713 daAuts
  Temple: 138 daAuts
    D:10: 78 daAuts
